 Dungeon Crawl Stone Soup version 0.30-a0-4-ga7cffc901d (webtiles) character file.

Game seed: 15613367614077003953

49 Setbun the Sneak (level 4, -4/25 HPs)
             Began as a Kobold Enchanter on Aug 20, 2022.
             Slain by Robin
             ... wielding a +0 mace
              (7 damage)
             ... on level 2 of the Dungeon.
             The game lasted 00:01:47 (2311 turns).

Setbun the Sneak (Kobold Enchanter)                 Turns: 2311, Time: 00:01:47

Health: -4/25      AC:  3    Str:  5    XL:     4   Next: 2%
Magic:  4/7        EV: 15    Int: 16    God:
Gold:   60         SH:  0    Dex: 17    Spells: 5/8 levels left

rFire   . . .      SeeInvis .    a - +1 dagger
rCold   . . .      Faith    .    (no shield)
rNeg    . . .      Spirit   .    b - +0 robe
rPois   .          Reflect  .    (no helmet)
rElec   .          Harm     .    i - +0 cloak
rCorr   .          Rampage  .    (no gloves)
Will    .....                    (no boots)
Stlth   ++++......               (no amulet)
HPRegen 0.08/turn                (no ring)
MPRegen 0.10/turn                (no ring)

@: no status effects
A: small, no large weapons, nightstalker 3
a: no special abilities


You were on level 2 of the Dungeon.
You visited 1 branch of the dungeon, and saw 2 of its levels.

You collected 60 gold pieces.

Inventory:

Hand Weapons
 a - a +1 dagger (weapon)
Armour
 b - a +0 robe (worn)
 i - a +0 cloak (worn)
Scrolls
 d - a scroll of teleportation {unknown}
 e - a scroll of vulnerability {unknown}
 f - a scroll of blinking {unknown}
 h - a scroll of immolation {unknown}
 j - a scroll of identify {unknown}
 k - a scroll of amnesia {unknown}
Potions
 c - 2 potions of invisibility
 g - a potion of flight {unknown}


   Skills:
 + Level 1.2 Fighting
 + Level 2.0 Short Blades
 + Level 2.8 Dodging
 * Level 4.8 Stealth
 + Level 2.5 Spellcasting
 + Level 3.2 Hexes


You had 5 spell levels left.
You knew the following spells:

 Your Spells              Type           Power      Damage    Failure   Level
a - Confusing Touch       Hex            12%        N/A       16%         3

Your spell library contained the following spells:

 Spells                   Type           Power      Damage    Failure   Level
 Ensorcelled Hibernation  Hex/Ice        14%        N/A       16%         2
 Tukima's Dance           Hex            12%        N/A       16%         3
 Dazzling Flash           Conj/Hex       14%        N/A       30%         3
 Portal Projectile        Hex/Tloc       14%        N/A       30%         3
 Blade Hands              Tmut           1%         N/A       99%         5


Dungeon Overview and Level Annotations

Branches:
Dungeon (2/15)

Altars:

Shops:
D:2 =

Annotations:
D:2 Robin


Innate Abilities, Weirdness & Mutations

You are small and have problems with some larger weapons.
You are completely attuned to the shadows.


Message History

You closely miss the goblin.
Robin says, "Kneel, worm!"
The goblin hits you with a +0 club.
You hit the goblin.
The goblin is severely wounded.
The goblin hits you with a +0 club.
You hit the goblin.
You kill the goblin!
The goblin closely misses you.
The goblin hits itself with a +0 club.
Robin roars a battlecry!
The goblins go into a battle-frenzy!
You hear a shout!
You hit the hobgoblin but do no damage. The hobgoblin closely misses you.
Robin roars a battlecry!
You hit the hobgoblin.
The hobgoblin is almost dead.
The hobgoblin barely misses you. The goblin barely misses you.
You hit the hobgoblin.
You kill the hobgoblin!
A goblin comes into view. It is wielding a +0 club.
The goblin hits itself with a +0 club.
The goblin is killed!
Robin throws the goblin at you!
You have reached level 4!
You hit the hobgoblin.
The hobgoblin is heavily wounded.
The goblin hits you with a +0 dagger. The hobgoblin barely misses you.
You hit the hobgoblin.
You kill the hobgoblin!
Robin barely misses you. The hobgoblin closely misses you.
Things that are here:
a +0 club; a +0 dagger; a hobgoblin corpse You hit the hobgoblin.
The hobgoblin is moderately wounded.
A goblin comes into view. It is wielding a +0 dagger.
Robin barely misses you. The hobgoblin hits you. The goblin barely misses you.
The goblin hits you with a +0 club.
* * * LOW HITPOINT WARNING * * *
You closely miss the goblin. Robin hits you with a +0 mace!
You die...

#...###.#
#.......#
###.#.#.#
#.#.#.#
..#.....#
#.###.###
#. #.#
..#g###.#
#g.g@g).#
###g#####
... ####


You could see Robin, a hobgoblin (strong) and 3 goblins.

Vanquished Creatures
  An adder (D:2)
  A dart slug (D:1)
  2 endoplasms
  3 giant cockroaches
  5 goblins
  5 hobgoblins
  4 ball pythons
  6 bats
  6 frilled lizards (D:1)
  4 rats (D:1)
37 creatures vanquished.

Vanquished Creatures (others)
  2 plants (D:1)
2 creatures vanquished.

Grand Total: 39 creatures vanquished

Notes
Turn   | Place    | Note
-------+----------+-------------------------------------------
     0 | D:1      | Setbun the Kobold Enchanter began the quest for the Orb.
     0 | D:1      | Reached XP level 1. HP: 10/10 MP: 3/3
   417 | D:1      | Reached XP level 2. HP: 16/16 MP: 5/5
  1303 | D:1      | Reached XP level 3. HP: 17/20 MP: 6/6
  1416 | D:1      | Learned a level 3 spell: Confusing Touch
  1578 | D:1      | Found a faded altar of an unknown god.
  1684 | D:1      | Reached skill level 1 in Fighting
  1951 | D:2      | Found Qediaseu's Jewellery Emporium.
  1974 | D:2      | HP: 1/20 [poisoned by an adder]
  2295 | D:2      | Noticed Robin
  2307 | D:2      | Reached XP level 4. HP: 17/25 MP: 3/7
  2311 | D:2      | Slain by Robin

Illustrated notes

Levels and vault maps discovered:
D:1:      onia_arrival_pyramid, layout_basic,
          shapermc_ecumenical_altar_hornbeckon, corexii_item_surrounded_by_moat,
          chequers_serial_rivers_small_a, minmay_misc_feat_tower,
          minmay_misc_feat_diagonals, minmay_lizard_king
D:2:      minmay_angry_zag, layout_loops_cross, serial_shops, shop, uniq_robin

Skill      XL: |  1  2  3 |
---------------+----------+-----
Fighting       | 1 |  1.2
Short Blades   | 2 |  2.0
Dodging        | |  2.8
Stealth        | |  4.8
Spellcasting   | |  2.5
Hexes          | |  3.2

Action                   |  1- 3 |  4- 6 || total
-------------------------+-------+-------++-------
Melee: Dagger            |   104 |     4 ||   108
 Cast: Confusing Touch   |     1 |       ||     1
 Stab: Sleeping          |    13 |       ||    13
Armor: Robe              |    20 |       ||    20
Dodge: Dodged            |    65 |     5 ||    70

Table legend: (Time is in decaauts)
 A = Elapsed time spent in this place.
 B = Non-inter-level travel time spent in this place.
 C = Inter-level travel time spent in this place.
 D = Time resting spent in this place.
 E = Time spent auto-exploring this place.
 F = Levels seen in this place.
 G = Mean time per level.
                   A        B        C        D        E       F      G
               +--------+--------+--------+--------+--------+-----+--------+
         Total |   2308 |   2226 |     82 |    817 |   1184 |   2 | 1154.0 |
       Dungeon |   2308 |   2226 |     82 |    817 |   1184 |   2 | 1154.0 |
               +--------+--------+--------+--------+--------+-----+--------+

Top non-repeatable levels by time:
     D:1: 1778 daAuts
     D:2: 530 daAuts
